 Dungeon Crawl Stone Soup version 0.30.1-4-g462c640d31 (webtiles) character file.

Game seed: 13154100786608447824

16 Mahound the Gusty (level 2, 0/20 HPs)
             Began as a Draconian Air Elementalist on Aug 22, 2023.
             Slain by an adder (3 damage)
             ... on level 2 of the Dungeon.
             The game lasted 00:01:12 (220 turns).

Mahound the Gusty (Draconian Air Elementalist)       Turns: 220, Time: 00:01:13

Health: 0/20       AC:  4    Str: 10    XL:     2   Next: 37%
Magic:  0/5        EV: 12    Int: 15    God:
Gold:   8          SH:  0    Dex: 11    Spells: 2/5 levels left

rFire   . . .        (no weapon)
rCold   . . .        (no shield)
rNeg    . . .        (body armour unavailable)
rPois   .            (helmet restricted)
rElec   .            (no cloak)
rCorr   .            (no gloves)
SInv    .            (no boots)
Will    .....        (no amulet)
Stlth   ++           (no ring)
HPRegen 0.23/turn    (no ring)
MPRegen 0.09/turn

%: no passive effects
@: no status effects
A: AC +4, unfitting armour, cold-blooded
a: no special abilities


You were on level 2 of the Dungeon.
You visited 1 branch of the dungeon, and saw 2 of its levels.

You collected 8 gold pieces.

You aren't carrying anything.


   Skills:
 * Level 1.9 Dodging
 * Level 1.9 Stealth
 * Level 2.2 Spellcasting
 * Level 1.2 Conjurations
 * Level 3.3 Air Magic


You had 2 spell levels left.
You knew the following spells:

 Your Spells              Type           Power      Damage    Failure   Level
a - Shock                 Conj/Air       32%        1d5       9%          1
b - Static Discharge      Conj/Air       16%        2-3/arc   13%         2

Your spell library contained the following spells:

 Spells                   Type           Power      Damage    Failure   Level
 Summon Small Mammal      Summ           4%         N/A       22%         1
 Swiftness                Air            11%        N/A       16%         3
 Airstrike                Air            5%         2d(1-17)  47%         4
 Call Canine Familiar     Summ           1%         N/A       54%         3
 Summon Guardian Golem    Hex/Summ       1%         N/A       54%         3


Dungeon Overview and Level Annotations

Branches:
Dungeon (2/15)

Altars:
Okawaru


Innate Abilities, Weirdness & Mutations

Your plain brown scales are hard. (AC +4)
You cannot fit into any form of body armour.
You are cold-blooded and may be slowed by cold attacks.


Message History

The endoplasm quivers.
The endoplasm is heavily wounded.
You are struck by an arc of lightning.
The lightning grounds out.
The endoplasm quivers.
The endoplasm freezes you.
You are frozen.
Casting: Static Discharge (safe; 13% risk of failure)
Press: ? - help, Q - select action, (/) - cycle Dir - look around, f - activate The endoplasm is struck by an arc of lightning.
You kill the endoplasm!
You are struck by an arc of lightning.
The lightning grounds out.
A rat comes into view.
The adder barely misses you. The adder attacks as you move away!
The adder closely misses you. The adder attacks as you move away!
The adder bites you but does no damage. The rat bites you but does no damage.
The adder completely misses you.
You hit the rat.
The rat is heavily wounded.
The adder bites you. The rat closely misses you.
The adder attacks as you move away! The adder bites you. The rat bites you.
* * * LOW HITPOINT WARNING * * *
Casting: Static Discharge (safe; 13% risk of failure)
Press: ? - help, Q - select action, (/) - cycle Dir - look around, f - activate The adder is struck by an arc of lightning.
The adder is moderately wounded.
You are struck by an arc of lightning.
* * * LOW HITPOINT WARNING * * *
The rat is struck by an arc of lightning.
You kill the rat!
The lightning grounds out.
The adder bites you.
* * * LOW HITPOINT WARNING * * *
You aren't carrying any potions.
Unknown command.
You aren't carrying any scrolls.
The adder misses you. The adder bites you but does no damage.
The adder attacks as you move away! The adder bites you.
You die...

### #.. #.#
#######.###########
.........J........#
#........####.###.#
.#####.#####.# ...
#.JS.##.# ###..
####@##.# .#
........##.# #
#######.##.# #.##.#
#.##.# # #.##.# .#
#.##.#######.#
#.##.........#
#####♣~.♣♣.....


You could see an adder and an endoplasm.

Vanquished Creatures
  A gnoll (D:1)
  A bat (D:1)
  An endoplasm (D:2)
  A goblin (D:2)
  A kobold (D:1)
  A rat (D:2)
6 creatures vanquished.

Notes
Turn   | Place    | Note
-------+----------+-------------------------------------------
     0 | D:1      | Mahound the Draconian Air Elementalist began the quest for
                  | the Orb.
     0 | D:1      | Reached XP level 1. HP: 14/14 MP: 3/3
    51 | D:1      | Reached XP level 2. HP: 13/20 MP: 0/5
    85 | D:1      | Learned a level 2 spell: Static Discharge
    94 | D:2      | Found an iron altar of Okawaru.
   220 | D:2      | Slain by an adder

Illustrated notes

Levels and vault maps discovered:
D:1:      ncdulo_smallfort, layout_loops_ring, minmay_hexomino_c4
D:2:      layout_loops_ring, basic_altar, serial_bayou_crossing, uniq_sigmund,
          uniq_crazy_yiuf_cottage

Action                     || total
---------------------------++-------
  Melee: Unarmed           ||     3
   Cast: Shock             ||     7
         Static Discharge  ||     5
    Use: Potion            ||     1
 Armour: Skin              ||     3
  Dodge: Dodged            ||    12
